 Dungeon Sprint DCSS version 0.13-a0-2719-g654be61 (webtiles) character file.

2100000 Bastard the Imperceptible (level 15, -3/81 HPs)
             Began as a Spriggan Warper on Aug 18, 2013.
             Was a Priest of Makhleb.
             Slain by a bag of meat
             ... wielding a +9,+9 war axe
              (43 damage)
             ... in the Dungeon (Sprint VIII: "Arena of Blood").
             The game lasted 00:00:45 (21 turns).

Bastard the Imperceptible (Spriggan Warper)           Turns: 21, Time: 00:00:45

HP  -3/81        AC  3     Str  8      XL: 15   Next: 63%
MP   4/40        EV 37     Int 16      God: Makhleb [***...]
Gold 50          SH  0     Dex 20      Spells:  1 memorised, 49 levels left

Res.Fire  : . . .   See Invis. : +   m - +∞ Axe of Woe
Res.Cold  : . . .   Warding    : .   b - +0 robe
Life Prot.: . . .   Conserve   : .   (shield restricted)
Res.Poison: .       Res.Corr.  : .   (helmet restricted)
Res.Elec. : .       Clarity    : .   (no cloak)
Sust.Abil.: . .     Spirit.Shd : .   (gloves unavailable)
Res.Mut.  : .       Prev.Telep.: +   (boots unavailable)
Res.Rott. : .       Flight     : .   (no amulet)
Saprovore : . . .                    (no ring)
                                     (no ring)

@: very quick, very resistant to hostile enchantments, incredibly stealthy
A: unfitting armour, see invisible, herbivore 3, speed 3, slow metabolism 2
a: Minor Destruction, Lesser Servant of Makhleb, Renounce Religion


You were in the Dungeon.
You worshipped Makhleb.
Makhleb was greatly pleased with you.
You were not hungry.

You visited 1 branch

Inventory:

Hand weapons
 a - a +0,+0 hand axe {=f}
 m - the +∞,+∞ Axe of Woe (weapon)
   (You found it in the Dungeon)
Missiles
 e - 15 darts (quivered)
 f - 10 darts of dispersal
Armour
 b - a +0 robe (worn)
Scrolls
 d - 2 scrolls of blinking
Potions
 g - a potion of porridge
 h - a potion of curing
 i - a potion of heal wounds
 j - a potion of speed
 k - 2 potions of magic
 l - a potion of berserk rage
Books
 c - a book of Spatial Translocations

   Spells                             Type                      Level
   *Apportation                       Translocation                1
   Portal Projectile                  Translocation                2
   Blink                              Translocation                2
   Shroud of Golubria                 Charms/Translocation         2
   Teleport Other                     Translocation                3
   Passage of Golubria                Translocation                4


   Skills:
 + Level 13.6 Fighting
 + Level 13.7 Axes
 + Level 17.0 Throwing
 + Level 12.6 Armour
 + Level 21.2 Dodging
 + Level 22.5 Stealth
 + Level 13.5 Unarmed Combat
 + Level 18.4 Spellcasting
 + Level 21.3 Translocations


You had 49 spell levels left.
You knew the following spells:

 Your Spells              Type           Power        Failure   Level  Hunger
a - Apportation           Tloc           ######....   0%          1    None


Dungeon Overview and Level Annotations

Branches:
Dungeon (1/1)

Altars:
Makhleb


Innate Abilities, Weirdness & Mutations

You are tiny and cannot use many weapons and most armour.
You have supernaturally acute eyesight.
You are a herbivore.
You cover ground extremely quickly.
You need consume almost no food.


Message History

You feel a little better.
Your Fighting skill increases to level 13!
Your Axes skill increases to level 13!
Your Throwing skill increases to level 16!
Your Armour skill increases to level 12!
Your Unarmed Combat skill increases to level 13!
You chop the bag of meat into pieces.
You kill the bag of meat!
Makhleb accepts your kill.
Your Throwing skill increases to level 17!
Your Dodging skill increases to level 21!
Your Stealth skill increases to level 22!
Your Spellcasting skill increases to level 18!
Your Translocations skill increases to level 21!
You hear a shout!
The bag of meat hits you with a +9,+9 war axe!
You hear a shout!
The bag of meat hits you with a +9,+9 war axe!
Ouch! That really hurt!
You die...

# .. ..... .. ..
....##.##.#####...
..o.oo.o.o ...o...
###....o##o##o.......
....o..o..oo)@o.......
#.........o#o#oo.....#
#.........ooC......## .
#.........)o........
....#.......o.o...O....
...........o..........
.....................
........#.......#...
.#.....#.......#..


You could see a large bag of meat (inner flame), a meat berserker (berserk) and
19 bags of meat.

Vanquished Creatures
  2 ogres (D)
  7 orcs (D)
9 creatures vanquished.

Notes
Turn   | Place    | Note
--------------------------------------------------------------
     0 | D        | Bastard, the Spriggan Warper, began the quest for the Orb.
     0 | D        | Reached XP level 1. HP: 10/10 MP: 2/2
     3 | D        | Became a worshipper of Makhleb the Destroyer
     6 | D        | Noticed a bag of meat
     6 | D        | Noticed a bag of meat
     8 | D        | Noticed a bag of meat
     9 | D        | Noticed a bag of meat
     9 | D        | Noticed a bag of meat
     9 | D        | Noticed a bag of meat
    10 | D        | Noticed a bag of meat
    11 | D        | Noticed a large bag of meat
    11 | D        | Noticed a bag of meat
    12 | D        | Noticed a bag of meat
    12 | D        | Noticed a bag of meat
    13 | D        | Noticed a bag of meat
    13 | D        | Noticed a bag of meat
    13 | D        | Noticed a bag of meat
    13 | D        | Noticed a bag of meat
    14 | D        | Noticed a bag of meat
    14 | D        | Noticed a bag of meat
    14 | D        | Noticed a bag of meat
    14 | D        | Noticed a bag of meat
    14 | D        | Noticed a bag of meat
    15 | D        | Noticed a bag of meat
    15 | D        | Noticed a bag of meat
    15 | D        | Noticed a meat berserker
    15 | D        | Noticed a meat berserker
    15 | D        | Noticed a bag of meat
    16 | D        | Noticed a bag of meat
    17 | D        | Noticed a bag of meat
    17 | D        | Noticed a bag of meat
    17 | D        | Noticed a bag of meat
    17 | D        | Killed a bag of meat
    17 | D        | Reached skill level 8 in Fighting
    17 | D        | Reached skill level 10 in Throwing
    17 | D        | Reached skill level 13 in Dodging
    17 | D        | Reached skill level 14 in Stealth
    17 | D        | Reached XP level 2. HP: 14/16 MP: 2/9
    17 | D        | Reached XP level 3. HP: 17/20 MP: 3/14
    17 | D        | Reached XP level 4. HP: 21/25 MP: 3/18
    17 | D        | Reached XP level 5. HP: 24/29 MP: 3/21
    17 | D        | Reached XP level 6. HP: 28/34 MP: 3/24
    17 | D        | Reached XP level 7. HP: 31/38 MP: 3/26
    17 | D        | Reached XP level 8. HP: 35/43 MP: 3/28
    17 | D        | Reached XP level 9. HP: 38/47 MP: 3/29
    17 | D        | Reached XP level 10. HP: 42/52 MP: 3/31
    17 | D        | Reached XP level 11. HP: 45/56 MP: 3/32
    17 | D        | Killed a bag of meat
    17 | D        | Acquired Makhleb's first power
    17 | D        | Reached skill level 15 in Dodging
    17 | D        | Reached skill level 16 in Stealth
    17 | D        | Reached skill level 15 in Translocations
    17 | D        | Reached XP level 12. HP: 48/63 MP: 3/34
    17 | D        | Killed a bag of meat
    17 | D        | Reached skill level 10 in Fighting
    17 | D        | Reached skill level 10 in Axes
    17 | D        | Reached skill level 17 in Stealth
    17 | D        | Reached skill level 10 in Unarmed Combat
    17 | D        | Reached XP level 13. HP: 51/68 MP: 3/36
    18 | D        | Noticed a bag of meat
    18 | D        | Noticed a bag of meat
    18 | D        | Killed a bag of meat
    18 | D        | Reached skill level 10 in Armour
    18 | D        | Reached skill level 18 in Stealth
    18 | D        | Reached skill level 15 in Spellcasting
    18 | D        | Killed a meat berserker
    18 | D        | Acquired Makhleb's second power
    18 | D        | Reached skill level 19 in Stealth
    18 | D        | Reached XP level 14. HP: 72/74 MP: 3/38
    18 | D        | Killed a bag of meat
    18 | D        | Reached skill level 15 in Throwing
    18 | D        | Reached skill level 20 in Stealth
    18 | D        | Killed a bag of meat
    18 | D        | Reached skill level 21 in Stealth
    18 | D        | Reached XP level 15. HP: 76/81 MP: 3/39
    19 | D        | Noticed a bag of meat
    19 | D        | Noticed a bag of meat
    19 | D        | Noticed a bag of meat
    20 | D        | Noticed a bag of meat
    20 | D        | Noticed a meat berserker
    21 | D        | Killed a meat berserker
    21 | D        | Acquired Makhleb's third power
    21 | D        | Killed a bag of meat
    21 | D        | Reached skill level 22 in Stealth
    21 | D        | Slain by a bag of meat

Action                   |  1- 3 |  4- 6 |  7- 9 | 10-12 | 13-15 || total
-------------------------+-------+-------+-------+-------+-------++-------
Melee: Broad axe         |     1 |       |       |       |     1 ||     2
